 Dungeon Crawl Stone Soup version 0.32-a0-841-g4648e6c457 (webtiles) character file.

Game seed: 2155073910976270033

130 Griffin23 the Covered (level 5, -7/33 HPs)
             Began as a Gargoyle Fighter on Mar 26, 2024.
             Mangled by a black bear (11 damage)
             ... on level 4 of the Dungeon.
             The game lasted 00:02:54 (2475 turns).

Griffin23 the Covered (Gargoyle Fighter)            Turns: 2475, Time: 00:02:55

Health: -7/33      AC: 11    Str: 21    XL:     5   Next: 14%
Magic:  5/5        EV:  8    Int:  9    God:
Gold:   158        SH:  4    Dex:  9    Spells: 4/4 levels left

rFire   . . .        a - +0 long sword
rCold   . . .        c - +0 buckler
rNeg    + . .        b - +0 scale mail
rPois   ∞            (no helmet)
rElec   +            (no cloak)
rCorr   .            (no gloves)
SInv    .            (no boots)
Will    .....        (no amulet) Stlth
                     (no ring)
HPRegen 0.25/turn    (no ring)
MPRegen 0.09/turn

%: no passive effects
@: brilliant
A: sickness immunity, AC +4, negative energy resistance 1, electricity
resistance, torment resistance 1, petrification resistance
a: no special abilities


You were on level 4 of the Dungeon.
You visited 1 branch of the dungeon, and saw 4 of its levels.

You collected 158 gold pieces.

Inventory:

Hand Weapons
 a - a +0 long sword (weapon)
Armour
 b - a +0 scale mail (worn)
 c - a +0 buckler (worn)
Jewellery
 k - a +6 ring of intelligence
Scrolls
 d - a scroll of blinking {unknown}
 e - a scroll of immolation {unknown}
 f - 2 scrolls of revelation {unknown}
 i - a scroll of fear {unknown}
 l - a scroll of identify {unknown}
 m - a scroll of vulnerability {unknown}
 n - a scroll of acquirement {unknown}
 o - a scroll of summoning {unknown}
Potions
 g - a potion of attraction {unknown}
 h - a potion of brilliance


   Skills:
 + Level 4.0 Fighting
 * Level 3.2 Long Blades
 + Level 4.0 Armour
 + Level 4.0 Shields


You had 4 spell levels left.
You didn't know any spells.
Your spell library contained the following spells:

 Spells                   Type           Power      Damage    Failure   Level
 Apportation              Tloc           0%         N/A       78%         1
 Jinxbite                 Hex            0%         N/A       89%         2
 Manifold Assault         Tloc           0%         N/A       100%        4
 Alistair's Intoxication  Alch           0%         N/A       100%        5
 Dispersal                Tloc           0%         N/A       100%        6
 Haunt                    Necr/Summ      0%         N/A       100%        7
 Borgnjor's Revivificati  Necr           0%         N/A       100%        8
 Disjunction              Tloc           0%         N/A       100%        8
 Death's Door             Necr           0%         N/A       100%        9


Dungeon Overview and Level Annotations

Branches:
Dungeon (4/15)
 Temple: D:4-7

Altars:
Makhleb

Shops:
D:1 !


Innate Abilities, Weirdness & Mutations

You are immune to sickness and miasma.
Your stone body is resilient. (AC +4)
You are immune to poison.
You resist negative energy. (rN+)
You are resistant to electric shocks. (rElec)
You are resistant to unholy torment.
You are immune to petrification.


Message History

The black bear claws you.
You hit the black bear but do no damage.
The black bear is severely wounded.
The sleepcap barely misses you. The black bear barely misses you.
The black bear claws you but does no damage. x2
You hit the black bear.
The black bear is almost dead.
You block the sleepcap's attack.
The black bear goes berserk!
You hit the black bear but do no damage.
The black bear is almost dead.
The black bear bites you.
The black bear claws you but does no damage.
You block the black bear's attack.
The sleepcap releases spores at you but does no damage.
The black bear bites you!
* * * LOW HITPOINT WARNING * * *
The black bear claws you but does no damage.
You block the black bear's attack.
The sleepcap releases spores at you but does no damage.
Okay, then.
You feel better. You block the black bear's attack.
The black bear claws you but does no damage. x2
The black bear bites you.
The black bear claws you but does no damage.
You block the black bear's attack.
The sleepcap releases spores at you but does no damage.
You hit the black bear but do no damage.
The black bear is almost dead.
The black bear barely misses you.
The black bear claws you but does no damage. x2
The sleepcap releases spores at you.
* * * LOW HITPOINT WARNING * * *
The black bear bites you but does no damage.
The black bear claws you.
* * * LOW HITPOINT WARNING * * *
The black bear claws you but does no damage.
It was a potion of brilliance.
You feel clever all of a sudden. The black bear bites you!
You die...

#.###....###.##.#
#........##......
#####.#......##.#
#.#..###.##.#
######....# #.##.#
#........####.##.#
#.######.........#
##.## #.####.####
#.@.#####.####.####
#.hf...............
#...#####.####.####
##.## #.###...##
#.. ..##.....# #.#
######.†.## #.#
##.## #.# #.# #.#


You could see a black bear (berserk) and a sleepcap.

Vanquished Creatures
  Terence (D:2)
  5 adders
  A dart slug (D:2)
  A ribbon worm (D:2)
  3 orcs (D:3)
  5 ball pythons
  5 endoplasms
  5 goblins
  3 hobgoblins
  4 jackals (D:3)
  2 kobolds
  2 quokkas
  5 bats
  2 frilled lizards
  9 rats
53 creatures vanquished.

Notes
Turn   | Place    | Note
-------+----------+-------------------------------------------
     0 | D:1      | Griffin23 the Gargoyle Fighter began the quest for the Orb.
     0 | D:1      | Reached XP level 1. HP: 14/14 MP: 1/1
   208 | D:1      | Reached XP level 2. HP: 19/19 MP: 2/2
   348 | D:1      | Found Yqeu's Distillery.
   736 | D:2      | Identified the +5 ring mail of Urrer {+Inv rElec rF+ Str-5}
   744 | D:2      | Reached XP level 3. HP: 23/23 MP: 3/3
   827 | D:2      | Noticed Terence
   840 | D:2      | Killed Terence
   845 | D:2      | Reached XP level 4. HP: 7/29 MP: 4/4
  1914 | D:3      | Reached XP level 5. HP: 24/33 MP: 5/5
  2337 | D:4      | Found a burning altar of Makhleb.
  2456 | D:4      | Noticed a black bear
  2475 | D:4      | Mangled by a black bear

Illustrated notes

Levels and vault maps discovered:
D:1:      lemuel_arrival_room, layout_loops_ring, serial_shops,
          nicolae_lakefront_shop
D:2:      layout_basic, uniq_terence
D:3:      layout_loops_ring, solitary_fountain
D:4:      layout_loops_corners, kennysheep_little_box

Skill      XL: |  1  2  3  4 |
---------------+-------------+-----
Long Blades    | 2 3 |  3.2
Armour         | 4 |  4.0
Fighting       | 4 |  4.0
Shields        | 4 |  4.0

Action                     |  1- 3 |  4- 6 || total
---------------------------+-------+-------++-------
  Melee: Long sword        |    84 |   149 ||   233
    Use: Potion            |     2 |     2 ||     4
 Armour: Scale mail        |    73 |   203 ||   276
  Dodge: Dodged            |    41 |    72 ||   113
  Block: Buckler           |    27 |    42 ||    69

Table legend: (Time is in decaauts)
 A = Elapsed time spent in this place.
 B = Non-inter-level travel time spent in this place.
 C = Inter-level travel time spent in this place.
 D = Time resting spent in this place.
 E = Time spent auto-exploring this place.
 F = Levels seen in this place.
 G = Mean time per level.
                   A        B        C        D        E       F      G
               +--------+--------+--------+--------+--------+-----+--------+
         Total |   2546 |   2491 |     55 |     83 |   1919 |   4 |  636.5 |
       Dungeon |   2546 |   2491 |     55 |     83 |   1919 |   4 |  636.5 |
               +--------+--------+--------+--------+--------+-----+--------+

Top non-repeatable levels by time:
     D:3: 818 daAuts
     D:1: 818 daAuts
     D:2: 658 daAuts
     D:4: 251 daAuts
